 Dungeon Crawl Stone Soup version 0.30.0-5-g1a98f26d00 (webtiles) character file.

Game seed: 11235909377450619838

11 hawla the Firebug (level 2, -36/19 (20) HPs)
             Began as a Meteoran Fire Elementalist on May 13, 2023.
             Killed by an exploding goblin (46 damage)
             ... ignited by their inner flame
             ... on level 2 of the Dungeon.
             The game lasted 00:00:54 (129 turns).

hawla the Firebug (Meteoran Fire Elementalist)       Turns: 129, Time: 00:00:56

HP:   -36/19 (20)   AC:  2    Str:  9    XL:     2   Next: 52%
MP:   6/7           EV: 12    Int: 16    God:
Gold: 34            SH:  0    Dex: 14    Spells: 6/7 levels left

rFire   . . .        (no weapon)
rCold   . . .        (no shield)
rNeg    . . .        a - +0 robe
rPois   .            (no helmet)
rElec   .            (no cloak)
rCorr   .            (no gloves)
SInv    .            (no boots)
Will    .....        (no amulet)
Stlth   +            (no ring)
HPRegen 0.23/turn    (no ring)
MPRegen 0.10/turn

%: no passive effects
@: glowing, drained
A: sense surroundings 1, otherworldly, glowing, explore regen
a: no special abilities


You were on level 2 of the Dungeon.
You visited 1 branch of the dungeon, and saw 2 of its levels.

You collected 34 gold pieces.

Inventory:

Armour
 a - a +0 robe (worn)
Scrolls
 d - a scroll of blinking {unknown}
Potions
 b - a potion of magic
 e - a potion of attraction {unknown}


   Skills:
 + Level 2.6 Dodging
 - Level 1.4 Stealth
 + Level 3.1 Spellcasting
 + Level 1.3 Conjurations
 + Level 3.9 Fire Magic


You had 6 spell levels left.
You knew the following spells:

 Your Spells              Type           Power      Damage    Failure   Level
a - Foxfire               Conj/Fire      40%        2x1d6     6%          1

Your spell library contained the following spells:

 Spells                   Type           Power      Damage    Failure   Level
 Scorch                   Fire           30%        2d6       5%          2
 Inner Flame              Hex/Fire       8%         N/A       24%         3
 Volatile Blastmotes      Fire/Tloc      16%        2d11      24%         3
 Flame Wave               Conj/Fire      10%        2d6       52%         4


Dungeon Overview and Level Annotations

Branches:
Dungeon (2/15) Zot: 1070

Altars:

Annotations:
D:2 Robin


Innate Abilities, Weirdness & Mutations

You passively map a small area around you.
You are easily found by Zot.
You glow in the dark.
You regain HP and MP as you explore.


Message History

The goblin shouts! x2
A goblin comes into view. It is wielding a +0 dagger.
The goblin moves out of view.
The goblin attacks as you move away! The goblin misses you.
A hobgoblin and 2 goblins come into view.
The goblin shouts! x2
An endoplasm comes into view.
Found 6 stones.
A goblin comes into view. It is wielding a +0 club.
The goblin attacks as you move away! The goblin closely misses you.
The goblin attacks as you move away! The goblin barely misses you.
The goblin closely misses you. The goblin attacks as you move away!
The goblin barely misses you.
You open the door. The goblin hits you with a +0 club.
The goblin attacks as you move away! The goblin closely misses you.
The goblin attacks as you move away! The goblin barely misses you.
The goblin attacks as you move away! The goblin hits you with a +0 club.
Found 3 stones.
The goblin barely misses you.
There is an open door here.
The goblin attacks as you move away! The goblin hits you with a +0 dagger.
A ball python comes into view.
The ball python hisses angrily.
Found 13 gold pieces.
Robin throws the goblin at you!
The goblin hits you with a +0 dagger of draining.
You feel drained.
Casting: Foxfire (safe; 6% risk of failure)
Confirm with . or Enter, or press ? or * to list all spells.
You conjure some foxfire!
Robin throws the goblin at you! The goblin closely misses you.
The goblin hits you with a +0 dagger.
The foxfire hits the goblin.
The goblin is heavily wounded.
The goblin closely misses you.
As you read the scroll labelled CAMELA OQOERIF, it crumbles to dust.
The creatures around you are filled with an inner flame!
It was a scroll of immolation.
The foxfire hits the goblin.
The goblin explodes!
The fiery explosion engulfs the goblin!!
The fiery explosion engulfs you!!!
Ouch! That really hurt!
You die...

,*
...........(...
###......######*
#...g..# ,
#....g.#
#....gg# *
#####g##
###g####### *
#.gg.......
#.#@####### * ,
* #.§§§.# *,
....§S#.# * *
###(#..#.#
......# #
....##.# * ... .
#.# * ..$. #.# *
,


You could see Robin (inner flame), a hobgoblin (inner flame), 6 goblins and a
ball python (inner flame).

Vanquished Creatures
  A dart slug (D:1)
  A ball python (D:1)
  2 bats (D:1)
  An endoplasm (D:1)
  2 goblins (D:2)
  2 kobolds (D:1)
  A rat (D:1)
10 creatures vanquished.

Vanquished Creatures (others)
  19 foxfires
19 creatures vanquished.

Grand Total: 29 creatures vanquished

Notes
Turn   | Place    | Note
-------+----------+-------------------------------------------
     0 | D:1      | hawla the Meteoran Fire Elementalist began the quest for
                  | the Orb.
     0 | D:1      | Reached XP level 1. HP: 14/14 MP: 5/5
    95 | D:1      | Reached XP level 2. HP: 19/20 MP: 2/7
   111 | D:2      | Noticed Robin
   129 | D:2      | Killed by an exploding goblin... ignited by their inner
                  | flame

Illustrated notes

Levels and vault maps discovered:
D:1:      lemuel_arrival_funnel, layout_rooms, ebering_ecumenical_altar_rust
D:2:      layout_basic, uniq_robin

Skill      XL: |  1 |
---------------+----+-----
Spellcasting   | 3 |  3.1
Dodging        | |  2.6
Stealth        | |  1.4
Conjurations   | |  1.3
Fire Magic     | |  3.9

Action                     || total
---------------------------++-------
  Melee: Unarmed           ||     6
   Cast: Foxfire           ||    13
    Use: Scroll            ||     1
 Armour: Robe              ||     2
  Dodge: Dodged            ||    20
